 Dungeon Crawl Stone Soup version 0.18-a0-1800-gdc7a371 (webtiles) character file.

278 sbybp the Cleaver (level 6, -2/51 HPs)
             Began as a Minotaur Berserker on Apr 23, 2016.
             Was a Believer of Trog.
             Killed by nerve-wracking pain
             ... invoked by Grinder
              (10 damage)
             ... on level 3 of the Dungeon.
             The game lasted 00:08:02 (2201 turns).

sbybp the Cleaver (Minotaur Berserker)              Turns: 2201, Time: 00:08:03

Health: -2/51      AC:  9    Str: 24    XL:     6   Next: 5%
Magic:  5/5        EV:  8    Int:  4    God:    Trog [**....]
Gold:   187        SH:  0    Dex:  9    Spells: 0 memorised, 5 levels left

rFire  . . .     SeeInvis .     d - -1 war axe (curse)
rCold  . . .     Gourm    .     j - +0 chain mail
rNeg   . . .     Faith    .     (no shield)
rPois  .         Spirit   .     (helmet restricted)
rElec  .         Dismiss  .     l - +0 cloak
rCorr  .         Reflect  .     (no gloves)
SustAt .         Harm     .     (no boots)
MR     ++...                    (no amulet)
Stlth  ..........               (no ring)
                                (no ring)

@: regenerating, very resistant to hostile enchantments, extremely unstealthy
A: retaliatory headbutt, horns 2
a: Berserk, Trog's Hand, Burn Spellbooks, Renounce Religion


You were on level 3 of the Dungeon.
You worshipped Trog.
Trog was pleased with you.
You were very hungry.

You visited 1 branch of the dungeon, and saw 3 of its levels.

You collected 187 gold pieces.

Inventory:

Hand Weapons
 d - a cursed -1 war axe (weapon)
Armour
 j - a +0 chain mail (worn)
 l - a +0 cloak (worn)
Jewellery
 o - an uncursed ring of fire {unknown}
Scrolls
 e - 2 scrolls of identify
 f - 2 scrolls of teleportation
 g - a scroll of magic mapping
 h - 2 scrolls of amnesia {unknown}
 i - a scroll of blinking {unknown}
 k - a scroll of fog {unknown}
 m - a scroll of noise
Potions
 a - a potion of heal wounds
 n - a potion of brilliance
Comestibles
 b - a royal jelly
 c - 2 bread rations
 p - a meat ration
 q - a slice of pizza


   Skills:
 - Level 3.6 Fighting
 + Level 8.2 Axes
 - Level 2.4 Armour
 - Level 2.1 Dodging


You had 5 spell levels left.
You didn't know any spells.

Dungeon Overview and Level Annotations

Branches:
Dungeon (3/15)

Altars:
Okawaru
Qazlal
Trog
Yredelemnul

Annotations:
D:3 Grinder


Innate Abilities, Weirdness & Mutations

You reflexively headbutt those who attack you in melee.
You have a pair of horns on your head.


Message History

* * * LOW HITPOINT WARNING * * *
You hit Grinder. You headbutt Grinder.
Grinder is heavily wounded.
Grinder drinks a potion.
Grinder is healed!
You hit Grinder.
Grinder is lightly wounded.
Grinder gestures at you. You resist with almost no effort.
You hit Grinder.
Grinder is moderately wounded.
Grinder hits you.
* * * LOW HITPOINT WARNING * * *
You writhe in agony. x2
You're too hungry to go berserk.
You barely miss Grinder. Your headbutt misses Grinder.
Grinder is moderately wounded.
Grinder blinks!
Grinder gestures at you. Pain shoots through your body!
You die...

.....###......#####....#
...####.............####
.#####(.)[)...#######
.#....).รท.#.########
.....))...#.###....#
....[).##.#...#....#
.....#)............##
.#..###.######..5...####
...## #)# #.@...!..#
.### #.# ##....##### ##
#.######.....# .#
##.#..........#
.#####.<..##########
.#......### ...####.#
..#####.# #.....#.#


You could see Grinder.

Vanquished Creatures
  The ghost of Vitoldo the Gusty, an amateur HEAE (D:3)
  An orc wizard (D:3)
  2 orc priests (D:3)
  A gnoll (D:1)
  5 adders
  2 worms
  3 giant geckos
  7 orcs (D:3)
  3 bats
  4 giant cockroaches
  7 goblins
  4 hobgoblins
  A giant newt (D:2)
  7 kobolds
  4 rats
52 creatures vanquished.

Notes
Turn   | Place    | Note
--------------------------------------------------------------
     0 | D:1      | sbybp the Minotaur Berserker began the quest for the Orb.
     0 | D:1      | Reached XP level 1. HP: 19/19 MP: 0/0
   218 | D:1      | Reached skill level 4 in Axes
   218 | D:1      | Reached XP level 2. HP: 17/26 MP: 1/1
   792 | D:2      | Reached skill level 5 in Axes
   807 | D:2      | Found a bloodstained altar of Trog.
   861 | D:2      | Found a basalt altar of Yredelemnul.
   911 | D:2      | Reached XP level 3. HP: 29/31 MP: 2/2
  1007 | D:2      | Reached ** piety under Trog
  1181 | D:2      | Reached skill level 6 in Axes
  1181 | D:2      | Reached XP level 4. HP: 24/39 MP: 3/3
  1403 | D:2      | Found a stormy altar of Qazlal.
  1745 | D:3      | Noticed Vitoldo's ghost (amateur HEAE)
  1751 | D:3      | Killed Vitoldo's ghost
  1751 | D:3      | Reached skill level 7 in Axes
  1751 | D:3      | Reached XP level 5. HP: 43/45 MP: 4/4
  1757 | D:3      | Reached skill level 8 in Axes
  1758 | D:3      | Reached XP level 6. HP: 32/51 MP: 5/5
  2025 | D:3      | Found an iron altar of Okawaru.
  2187 | D:3      | Noticed Grinder
  2201 | D:3      | Killed from afar by Grinder

Vault maps used:
D:1:      saegor_arrival_simple_e, hangedman_decor_push, roderic_lattice_a
D:2:      marbit_many_paths, lemuel_crystal_altar, bloody_trog,
          roderic_ancient_swastika, minmay_strange_pillars
D:3:      okawaru_trees_2, uniq_grinder

Skill      XL: |  1  2  3  4  5 |
---------------+----------------+-----
Axes           | 4 5 6 7 8 |  8.2
Fighting       | |  3.6
Armour         | |  2.4
Dodging        | |  2.1

Action                   |  1- 3 |  4- 6 || total
-------------------------+-------+-------++-------
Melee: Hand axe          |    60 |    12 ||    72
       Headbutt          |    15 |    10 ||    25
       War axe           |       |    43 ||    43
Invok: Trog's Hand       |       |     2 ||     2
       Berserk           |       |     1 ||     1
  Use: Scroll            |       |     6 ||     6
       Potion            |       |     5 ||     5
  Eat: Chunk             |     1 |     3 ||     4
Armor: Chain mail        |    22 |    36 ||    58
Dodge: Dodged            |    29 |    22 ||    51
